 Dungeon Crawl Stone Soup version 0.27.1-34-g3ba077fa99 (webtiles) character file.

Game seed: 13460618918570223814

12684 pkoi the Black Belt (level 11, -1/121 HPs)
             Began as a Purple Draconian Monk on Jan 7, 2022.
             Was a High Priest of Hepliaklqana.
             Succumbed to a cane toad's poison
             ... on level 2 of the Lair of Beasts.
             The game lasted 00:18:27 (14501 turns).

pkoi the Black Belt (Purple Draconian Monk)        Turns: 14501, Time: 00:18:27

Health: -1/121     AC: 13    Str: 13    XL:     11   Next: 65%
Magic:  16/16      EV: 28    Int: 14    God:    Hepliaklqana [*****.]
Gold:   396        SH:  0    Dex: 14    Spells: 10/10 levels left

rFire    + . .     SeeInvis .     - Unarmed
rCold    + . .     Faith    .   (no shield)
rNeg     . . .     Spirit   .   (armour unavailable)
rPois    .         Reflect  .   (helmet restricted)
rElec    .         Harm     .   z - scarf {rC+ rF+}
rCorr    .         Rampage  .   (no gloves)
Will     ++...                  G - +1 pair of boots
Stlth    ..........             j - amulet of the acrobat
HPRegen  0.30/turn              b - ring of willpower
MPRegen  0.15/turn              m - +4 ring of protection

@: berserking, lethally poisoned (-1 -> -13), short of breath, acrobatic, very
quick
A: reduced essence, breathe power, AC +7, unfitting armour, cold-blooded
a: Breathe Dispelling Energy, Renounce Religion, Recall Ancestor, Ancestor
Identity, Transference, Idealise


You were on level 2 of the Lair of Beasts.
You worshipped Hepliaklqana.
Hepliaklqana was extremely pleased with you.
You visited 3 branches of the dungeon, and saw 13 of its levels.
You also visited: Sewer.

You collected 668 gold pieces.
You spent 272 gold pieces at shops.

Inventory:

Hand Weapons
 n - a +3 whip of electrocution
Missiles
 c - 41 poisoned darts (quivered)
 C - a curare-tipped dart
 D - 2 datura-tipped darts
 F - 2 throwing nets
Armour
 z - a scarf of resistance (worn)
 G - a +1 pair of boots (worn)
Jewellery
 b - a ring of willpower (left hand)
 f - a ring of magical power
 j - an amulet of the acrobat (around neck)
 m - a +4 ring of protection (right hand)
Wands
 g - a wand of paralysis (9)
 i - a wand of iceblast (14)
 s - a wand of flame (28)
 A - a wand of acid (4)
Scrolls
 e - 2 scrolls of enchant armour
 k - a scroll of fog
 o - a scroll of blinking
 q - a scroll of identify
 r - 2 scrolls of enchant weapon
 t - 2 scrolls of amnesia
 u - a scroll of vulnerability {unknown}
 y - 10 scrolls of teleportation
Potions
 a - a potion of invisibility
 d - a potion of flight
 h - a potion of resistance
 l - 2 potions of might
 p - 2 potions of berserk rage
 x - 3 potions of curing
 B - 2 potions of heal wounds
 E - a potion of magic
 H - 3 potions of lignification
Miscellaneous
 v - a condenser vane


   Skills:
 + Level 6.8 Fighting
 + Level 4.0 Dodging
 - Level 3.0 Stealth
 * Level 15.2 Unarmed Combat
 + Level 7.6 Invocations
 - Level 3.0 Evocations


You had 10 spell levels left.
You didn't know any spells.
Your spell library contained the following spells:

 Spells                   Type           Power      Damage    Failure   Level
 Corona                   Hex            0%         N/A       28%         1
 Sandblast                Erth           0%         2d4       28%         1
 Ensorcelled Hibernation  Hex/Ice        0%         N/A       41%         2
 Passwall                 Tmut/Erth      0%         N/A       41%         2
 Gell's Gravitas          Tloc           0%         N/A       65%         3
 Lesser Beckoning         Tloc           0%         N/A       65%         3
 Teleport Other           Tloc           0%         N/A       65%         3
 Tukima's Dance           Hex            0%         N/A       65%         3
 Lee's Rapid Deconstruct  Erth           0%         3d5*      100%        5


Dungeon Overview and Level Annotations

Branches:
Dungeon (10/15)            Temple (1/1) D:7            Lair (2/6) D:9
    Orc (0/2) D:10          Sewer (visited)
  Swamp: Lair:2-4    Shoals: Lair:2-4     Snake: Lair:2-4    Spider: Lair:2-4

Altars:
Ashenzari
Cheibriados
Dithmenos
Elyvilon
Fedhas
Gozag
Hepliaklqana
Kikubaaqudgha
Makhleb
Nemelex Xobeh
Okawaru
Qazlal
Ru
Sif Muna
Trog
Uskayaw
Vehumet
Wu Jian
Xom
Yredelemnul
Zin
The Shining One

Shops:
D:2 ?   D:7 *

Annotations:
D:7 3 runed translucent doors, DireWerechicken's ghost, novice DsAK; KittyFluff's ghost, amateur GrBe
D:10 2 transporters


Innate Abilities, Weirdness & Mutations

Your life essence is reduced to manifest your ancestor. (-10% HP)
You can breathe bolts of dispelling energy.
Your rich purple scales are hard. (AC +7)
You cannot fit into any form of body armour.
You are cold-blooded and may be slowed by cold attacks.


Message History

There is a stone staircase leading up, spattered with blood here.
You see here a water moccasin corpse.
You hit the cane toad.
The cane toad is lightly wounded.
You feel very sick. The cane toad stings you!
* * * LOW HITPOINT WARNING * * *
You barely miss the cane toad.
The cane toad is lightly wounded.
You feel sick.
Dara closely misses the cane toad.
The cane toad stings you but does no damage.
Press: ? - help, Shift-Dir - straight line, f - cane toad
Aim: a cane toad (lightly wounded, ally target)
You breathe a bolt of dispelling energy.
The bolt of dispelling energy misses the cane toad.
You feel sick. The cane toad barely misses you.
Dara hits the cane toad with a +0 flail!
Unknown command.
Okay, then.
Unknown command.
You feel better. The cane toad stings you.
* * * LOW HITPOINT WARNING * * *
You are lethally poisoned!
The cane toad poisons you!
Dara hits the cane toad with a +0 flail.
A red film seems to cover your vision as you go berserk!
You feel yourself moving faster!
You feel mighty!
* * * LOW HITPOINT WARNING * * *
You feel very sick. The cane toad stings you.
* * * LOW HITPOINT WARNING * * *
Dara hits the cane toad but does no damage.
The cane toad stings you!
* * * LOW HITPOINT WARNING * * *
You pummel the cane toad!!
You kill the cane toad!
* * * LOW HITPOINT WARNING * * *
You feel sick.
Your Dodging skill increases to level 4!
You die...

# ### ##
#.######.####.##
...............
...........#
#.....<.#
#....@R##
##..††.# #.....#
#......#
#.....##
........
..#.....##
.........#
..........


You could see the friendly Dara the knight.

Vanquished Creatures
  A two-headed ogre (D:9)
  A black mamba (Lair:1)
  A cane toad (Lair:2)
  A komodo dragon (Lair:1)
  2 blink frogs (Lair:1)
  A shadow (D:9)
  Grum (D:10)
  A basilisk (Lair:1)
  11 yaks
  4 water moccasins
  A sky beast (D:6)
  An orc warrior (D:10)
  3 necrophages
  2 wolves (D:10)
  2 phantoms (D:10)
  A kobold brigand (D:7)
  2 troll zombies (D:10)
  4 killer bees (D:9)
  2 wights (D:8)
  An electric eel (Lair:1)
  6 howler monkeys
  6 centaur zombies
  An orc priest (D:10)
  2 hounds
  A jelly (D:7)
  An iron imp (D:9)
  2 orc wizards (D:6)
  Ijyb (D:4)
  A hell rat (Lair:1)
  4 ogre zombies (D:10)
  2 howler monkey zombies
  4 gnolls (D:3)
  5 adders
  2 shadow imps
  An ufetubus (D:7)
  An adder skeleton (D:5)
  3 dart slugs
  4 orcs
  3 ball pythons
  3 endoplasms
  6 giant cockroaches
  11 goblins
  10 hobgoblins
  12 jackals
  4 quokkas
  9 bats
  A frilled lizard (D:1)
  A goblin zombie (D:10)
  2 hobgoblin zombies (D:10)
  6 kobolds
  3 orc skeletons (D:10)
  5 orc zombies (D:10)
  4 rats
  A spectral hobgoblin (D:3)
171 creatures vanquished.

Vanquished Creatures (collateral kills)
  3 cane toads (Lair:1)
  A komodo dragon (D:9)
  3 blink frogs (Lair:1)
  A shadow (D:10)
  11 yaks
  A steam dragon (D:9)
  A basilisk (Lair:1)
  Edmund (D:5)
  3 water moccasins
  Purgy (Sewer)
  An ice beast (D:7)
  A sky beast (D:5)
  An ogre (D:6)
  2 wolves (D:10)
  A phantom (D:4)
  A bullfrog (D:6)
  4 scorpions
  2 troll zombies (D:10)
  A wight (D:8)
  2 killer bees (D:9)
  2 electric eels (D:9)
  A howler monkey (D:10)
  2 centaur zombies
  A jelly (D:7)
  A hound (D:6)
  An orc wizard (D:10)
  3 hell rats (Lair:1)
  Robin (D:4)
  4 adders
  A river rat (D:4)
  2 white imps (D:6)
  An adder skeleton (D:4)
  2 orcs
  3 bats
  2 hobgoblins
  2 jackals (D:4)
  A quokka (D:4)
  A goblin zombie (D:10)
  A hobgoblin skeleton (D:10)
  2 hobgoblin zombies (D:10)
  2 kobolds (D:7)
  An orc skeleton (D:10)
  9 orc zombies (D:10)
88 creatures vanquished.

Vanquished Creatures (others)
  A knight (D:9)
  10 fungi
  25 plants
36 creatures vanquished.

Grand Total: 295 creatures vanquished

Notes
Turn   | Place    | Note
-------+----------+-------------------------------------------
     0 | D:1      | pkoi the Draconian Monk began the quest for the Orb.
     0 | D:1      | Reached XP level 1. HP: 19/19 MP: 1/1
   243 | D:1      | Found a faded altar of an unknown god.
   511 | D:1      | Reached XP level 2. HP: 26/26 MP: 2/2
   776 | D:1      | Reached skill level 4 in Unarmed Combat
  1267 | D:2      | Reached XP level 3. HP: 31/31 MP: 3/3
  1749 | D:2      | Found Meteysai's Magic Scroll Shoppe.
  2009 | D:3      | Reached XP level 4. HP: 37/38 MP: 4/4
  2029 | D:3      | Reached skill level 5 in Unarmed Combat
  2472 | D:3      | Found an ornate altar of the Wu Jian Council.
  2473 | D:3      | Found a shimmering altar of Xom.
  2877 | D:3      | Found a sparkling altar of Nemelex Xobeh.
  2967 | D:3      | Reached XP level 5. HP: 33/45 MP: 5/5
  3174 | D:3      | Reached skill level 6 in Unarmed Combat
  3325 | D:3      | Found a hazy altar of Hepliaklqana.
  3353 | D:3      | Became a worshipper of Hepliaklqana the Forgotten
  3353 | D:3      | Reached * piety under Hepliaklqana
  3353 | D:3      | Reached ** piety under Hepliaklqana
  3354 | D:3      | Remembered your ancestor Dara as a knight
  3823 | D:4      | Found a glowing drain.
  3827 | D:4      | Noticed a phantom
  3842 | D:4      | Killed a phantom
  3853 | Sewer    | Entered a sewer
  3858 | Sewer    | Reached XP level 6. HP: 45/45 MP: 6/6
  3877 | Sewer    | Noticed Purgy
  3893 | Sewer    | Killed Purgy
  3894 | Sewer    | Reached skill level 7 in Unarmed Combat
  4314 | D:4      | Noticed Ijyb
  4331 | D:4      | Killed Ijyb
  4482 | D:4      | Identified the +0 helmet "Luofeuso" {Harm rC+ MP+9 Int-5}
  4482 | D:4      | Noticed Robin
  4491 | D:4      | Killed Robin
  4492 | D:4      | Your scales start taking on a rich purple colour.
  4492 | D:4      | Reached XP level 7. HP: 50/51 MP: 7/7
  4643 | D:5      | Entered Level 5 of the Dungeon
  4681 | D:5      | Reached skill level 8 in Unarmed Combat
  4950 | D:5      | Noticed Edmund
  4959 | D:5      | Killed Edmund
  4995 | D:5      | Found a shimmering blue altar of Sif Muna.
  5651 | D:6      | Reached skill level 9 in Unarmed Combat
  5651 | D:6      | Reached XP level 8. HP: 55/60 MP: 8/8
  5675 | D:6      | You fall into a shaft and drop 2 floors!
  5675 | D:8      | Found a sacrificial altar of Ru.
  5694 | D:7      | Found a staircase to the Ecumenical Temple.
  5713 | Temple   | Entered the Ecumenical Temple
  5849 | D:7      | Found a runed translucent gate.
  5852 | D:7      | Reached skill level 5 in Fighting
  5852 | D:7      | Found a runed translucent gate.
  6065 | D:7      | Reached *** piety under Hepliaklqana
  6474 | D:6      | Reached skill level 10 in Unarmed Combat
  7342 | D:7      | Found a glowing silver altar of Zin.
  7488 | D:7      | Found a runed translucent gate.
  7492 | D:7      | Noticed KittyFluff's ghost (amateur GrBe)
  7492 | D:7      | Noticed DireWerechicken's ghost (novice DsAK)
  7714 | D:7      | Found Nuareram's Assorted Antiques.
  7738 | D:7      | Bought a pair of boots for 130 gold pieces
  7738 | D:7      | Bought a scroll labelled NADEDAUKHLU for 29 gold pieces
  7738 | D:7      | Bought a fizzy emerald potion for 26 gold pieces
  7738 | D:7      | Bought a scroll labelled WIOLIA KAXASHRE for 29 gold pieces
  7738 | D:7      | Bought a scroll labelled ZOICAU CEFONK for 29 gold pieces
  7738 | D:7      | Bought a scroll labelled QEBBIDGH ODWOWK for 29 gold pieces
  7952 | D:8      | Reached **** piety under Hepliaklqana
  8269 | D:8      | Reached skill level 1 in Invocations
  8275 | D:8      | Reached XP level 9. HP: 50/67 MP: 10/10
  8876 | D:9      | Found a broken altar of Ashenzari.
  8927 | D:9      | Noticed a two-headed ogre
  8936 | D:9      | Killed a two-headed ogre
  8937 | D:9      | Reached skill level 11 in Unarmed Combat
  9295 | D:9      | Reached skill level 12 in Unarmed Combat
  9458 | D:9      | Found a shadowy altar of Dithmenos.
  9853 | D:9      | Found a staircase to the Lair.
 10069 | D:9      | Found a snail-covered altar of Cheibriados.
 10152 | D:10     | Entered Level 10 of the Dungeon
 10157 | D:10     | Found a staircase to the Orcish Mines.
 10179 | D:9      | Reached skill level 5 in Invocations
 10362 | D:10     | Reached XP level 10. HP: 67/74 MP: 13/13
 10960 | D:10     | Found a bloodstained altar of Trog.
 11024 | D:10     | Found a transporter.
 11035 | D:10     | Reached skill level 13 in Unarmed Combat
 11142 | D:10     | Found an ancient bone altar of Kikubaaqudgha.
 11149 | D:10     | Noticed a flayed ghost
 11155 | D:10     | Found a basalt altar of Yredelemnul.
 11158 | D:10     | Found a transporter.
 11252 | D:10     | Noticed Grum
 11274 | D:10     | Killed Grum
 11655 | D:10     | Noticed a death knight
 11732 | Lair:1   | Entered Level 1 of the Lair of Beasts
 11739 | Lair:1   | Reached skill level 14 in Unarmed Combat
 11895 | Lair:1   | Noticed a black mamba
 11902 | Lair:1   | Killed a black mamba
 11905 | Lair:1   | Noticed a cane toad
 11918 | Lair:1   | Killed a cane toad
 11919 | Lair:1   | Reached XP level 11. HP: 55/80 MP: 15/15
 12269 | Lair:1   | Reached skill level 1 in Evocations
 12466 | Lair:1   | Reached ***** piety under Hepliaklqana
 13728 | Lair:1   | Reached skill level 15 in Unarmed Combat
 14499 | Lair:2   | HP: 2/121 [cane toad (11)]
 14501 | Lair:2   | Succumbed to a cane toad's poison

Illustrated notes

Levels and vault maps discovered:
D:1:      minmay_arrival_shattered_statue, layout_basic,
          dreamdust_ecumenical_altar_grove
D:2:      layout_basic, serial_shops, shop
D:3:      layout_rooms, lemuel_doored_altar,
          nicolae_hepliaklqana_monster_ancestors,
          mainiacjoe_overflow_divided_tiny, palyth_stone_intersect,
          serial_bayou_lake_a
D:4:      layout_loops_ring, cheibrodos_sewer_entry_sluice, uniq_ijyb,
          uniq_robin
D:5:      layout_cave_pools, mainiacjoe_overflow_surrounded_room,
          serial_bayou_ford_a, chequers_serial_rivers_room_a, uniq_edmund
D:6:      layout_basic, chequers_serial_rivers_micro_e
D:7:      layout_cave_pods, old_standard_altar,
          minmay_temple_entry_gardened_gates, gammafunk_ghost_cemetery,
          serial_shops, nicolae_shop_waterfront, chequers_serial_rivers_micro_c
D:8:      layout_loops_ring, mainiacjoe_overflow_paths
D:9:      layout_basic, chei_slow_surprise, amcnicky_altar_gilded,
          cheibrodos_ashenzari_chains, lair_entry_dummy, serial_bayou_lagoon_b
D:10:     layout_roguey, gammafunk_temple_of_torment,
          mainiacjoe_overflow_alcove_2, zombieorc2_lemuel, uniq_grum
Temple:   nicolae_temple_figure_zero
Lair:1:   layout_regular_city, serial_bayou_shore_a
Lair:2:   layout_regular_city, grunt_megastairs_4

Skill      XL: |  1  2  3  4  5  6  7  8  9 10 11 |
---------------+----------------------------------+-----
Unarmed Combat | 4 5 6 7 9 10 12 14 15 | 15.2
Dodging        | 3 4 |  4.0
Fighting       | 4 6 |  6.8
Stealth        | 2 3 |  3.0
Invocations    | 1 5 6 7 |  7.6
Evocations     | 3 |  3.0

Action                   |  1- 3 |  4- 6 |  7- 9 | 10-12 || total
-------------------------+-------+-------+-------+-------++-------
Melee: Unarmed           |   147 |   165 |   268 |   272 ||   852
       Tailslap          |    16 |    20 |    42 |    40 ||   118
       Punch             |     1 |     4 |     5 |    22 ||    32
Invok: Ancestor Life: Kn |       |     1 |       |       ||     1
       Ancestor Identity |       |     1 |       |       ||     1
       Recall Ancestor   |       |       |     2 |     3 ||     5
 Abil: Breathe Dispellin |       |       |     1 |     1 ||     2
Evoke: Wand              |       |       |     3 |     4 ||     7
  Use: Scroll            |       |     1 |    18 |     1 ||    20
       Potion            |       |       |     1 |     2 ||     3
 Stab: Sleeping          |     3 |     3 |     5 |     4 ||    15
       Distracted        |       |       |     2 |     4 ||     6
Armor: Skin              |    58 |    57 |    73 |    87 ||   275
Dodge: Dodged            |   110 |   129 |   181 |   166 ||   586
